 Dungeon Crawl Stone Soup version 0.21.1-1-g345015f (webtiles) character file.

586 Fang the Chopper (level 7, -5/66 HPs)
             Began as a Gargoyle Berserker on June 4, 2018.
             Was a Priest of Trog.
             Slain by an orc warrior
             ... wielding a +0 halberd
              (8 damage)
             ... on level 4 of the Dungeon.
             The game lasted 00:02:56 (3614 turns).

Fang the Chopper (Gargoyle Berserker)               Turns: 3614, Time: 00:02:57

Health: -5/66      AC:  7    Str: 28    XL:     7   Next: 37%
Magic:  7/7        EV: 13    Int:  7    God:    Trog [***...]
Gold:   173        SH:  3    Dex: 14    Spells: 6/6 levels left

rFire    . . .     SeeInvis .   a - +0 hand axe
rCold    . . .     Gourm    .   (no shield)
rNeg     + . .     Faith    .   b - +0 animal skin
rPois    ∞         Spirit   .   (no helmet)
rElec    +         Reflect  +   (no cloak)
rCorr    .         Harm     .   (no gloves)
MR       .....                  (no boots)
Stlth    ..........             j - +3 amulet of reflection
HPRegen  0.21/turn              e - +5 ring of dexterity
MPRegen  0.10/turn              i - +2 ring of slaying

@: berserking (expiring), very quick
A: negative energy resistance 1, electricity resistance, unbreathing,
petrification resistance, rot immunity, AC +4
a: Berserk, Trog's Hand, Burn Spellbooks, Renounce Religion


You were on level 4 of the Dungeon.
You worshipped Trog.
Trog was most pleased with you.
You were very hungry.

You visited 2 branches of the dungeon, and saw 5 of its levels.

You collected 173 gold pieces.

Inventory:

Hand Weapons
 a - a +0 hand axe (weapon)
Armour
 b - a +0 animal skin (worn)
Jewellery
 e - a +5 ring of dexterity (left hand)
 i - a +2 ring of slaying (right hand)
 j - a +3 amulet of reflection (around neck)
 l - an uncursed ring of wizardry {unknown}
 m - a +3 ring of protection {unknown}
Wands
 k - a wand of flame (24)
Scrolls
 d - 5 scrolls of teleportation {unknown}
 h - a scroll of enchant weapon {unknown}
 n - a scroll of enchant armour {unknown}
 o - a scroll of blinking {unknown}
 p - a scroll of amnesia {unknown}
Potions
 f - a potion of heal wounds {unknown}
 g - 2 potions of brilliance {unknown}
 q - a potion of agility {unknown}
 r - a potion of curing {unknown}
 s - a potion of magic {unknown}
Comestibles
 c - 8 rations


   Skills:
 + Level 4.9 Fighting
 + Level 5.7 Axes
 + Level 2.5 Armour
 + Level 3.4 Dodging
 + Level 1.2 Stealth


You had 6 spell levels left.
You didn't know any spells.

Dungeon Overview and Level Annotations

Branches:
Dungeon (4/15)             Temple (1/1) D:4

Altars:
Cheibriados
Dithmenos
Elyvilon
Gozag
Kikubaaqudgha
Makhleb
Ru
Sif Muna
Uskayaw
Vehumet
Wu Jian
Xom
Yredelemnul
The Shining One


Innate Abilities, Weirdness & Mutations

You are resistant to torment.
Your stone body is resilient. (AC +4)
You are immune to poison.
You resist negative energy. (rN+)
You are resistant to electric shocks. (rElec)
You can survive without breathing.
You are immune to petrification.
You are immune to rotting.


Message History

Unknown command.
You barely miss the orc priest.
The orc priest is moderately wounded.
The orc priest hits you with a hand axe.
* * * LOW HITPOINT WARNING * * *
Unknown command.
You closely miss the orc priest.
The orc priest is moderately wounded.
The orc warrior hits you from afar with a halberd!
* * * LOW HITPOINT WARNING * * *
Unknown command.
You slash the orc priest!
You kill the orc priest!
Trog accepts your kill. You block the orc warrior's attack.
Things that are here:
a hand axe; a leather armour You barely miss the orc warrior.
The orc warrior hits you with a halberd!
You die...

...#.###. #..#....#
##....... #..#.#.##
.#.#.#.#######
.#............
.#.#.........##
##............#######.#
...##.#### #....@o{o..#
#### .# #.########## #
# #.# ... #.# ### #.#
#.# #.# #.# ## #.#


You could see an orc warrior and an orc.

Vanquished Creatures
  The ghost of Inchmeat the Twirler, an amateur GrGl of Zin (D:3)
  2 human zombies (D:4)
  4 hounds (D:4)
  2 orc priests
  An orc wizard (D:3)
  A worker ant zombie (D:2)
  10 adders
  An ooze (D:4)
  An adder zombie (D:3)
  A worm (D:2)
  A dart slug (D:1)
  3 leopard geckos
  11 orcs
  3 bat skeletons (D:3)
  3 bat zombies (D:3)
  6 giant cockroaches
  6 goblins
  7 hobgoblins
  8 jackals
  2 quokkas
  8 bats
  A frilled lizard (D:2)
  2 kobolds
  9 rats
  A rat zombie (D:4)
95 creatures vanquished.

Vanquished Creatures (others)
  A leopard gecko (D:2)
1 creature vanquished.

Grand Total: 96 creatures vanquished

Notes
Turn   | Place    | Note
-------+----------+-------------------------------------------
     0 | D:1      | Fang the Gargoyle Berserker began the quest for the Orb.
     0 | D:1      | Reached XP level 1. HP: 14/14 MP: 1/1
   204 | D:1      | Reached XP level 2. HP: 13/19 MP: 2/2
   204 | D:1      | Reached skill level 3 in Axes
   780 | D:2      | Reached XP level 3. HP: 10/23 MP: 3/3
  1143 | D:2      | Reached ** piety under Trog
  1146 | D:2      | Reached XP level 4. HP: 29/29 MP: 4/4
  1299 | D:2      | Found a radiant altar of Vehumet.
  1714 | D:3      | Reached XP level 5. HP: 33/33 MP: 5/5
  1728 | D:3      | Reached skill level 4 in Axes
  1874 | D:3      | Found an ancient bone altar of Kikubaaqudgha.
  2048 | D:3      | Noticed Inchmeat's ghost (amateur GrGl)
  2063 | D:3      | Killed Inchmeat's ghost
  2063 | D:3      | Reached skill level 1 in Stealth
  2063 | D:3      | Reached XP level 6. HP: 39/39 MP: 6/6
  2155 | D:3      | Reached *** piety under Trog
  2397 | D:4      | Reached skill level 5 in Axes
  2437 | D:4      | Found a staircase to the Ecumenical Temple.
  2445 | Temple   | Entered the Ecumenical Temple
  3032 | D:4      | Reached XP level 7. HP: 25/44 MP: 7/7
  3611 | D:4      | HP: 3/66 [orc warrior/halberd (11)]
  3614 | D:4      | Slain by an orc warrior

Skill      XL: |  1  2  3  4  5  6 |
---------------+-------------------+-----
Axes           | 3 4 5 |  5.7
Dodging        | 2 3 |  3.4
Fighting       | 4 |  4.9
Stealth        | 1 |  1.2
Armour         | |  2.5

Action                   |  1- 3 |  4- 6 |  7- 9 || total
-------------------------+-------+-------+-------++-------
Melee: Hand axe          |    88 |   187 |    50 ||   325
Invok: Berserk           |       |     2 |     1 ||     3
 Stab: Sleeping          |       |     2 |       ||     2
  Eat: Chunk             |       |     8 |     2 ||    10
Armor: Animal skin       |    31 |    57 |    13 ||   101
Dodge: Dodged            |    67 |   117 |    35 ||   219
Block: Other             |     2 |    21 |     4 ||    27
       Reflection        |       |     3 |       ||     3
